 Dungeon Crawl Stone Soup version 0.24-a0-458-gfcb5e6da0e (webtiles) character file.

Game seed: 8951990587896019509

132720 Klosterheim the Destroyer (level 16, -2/117 HPs)
             Began as a Demonspawn Venom Mage on June 27, 2019.
             Was the Champion of Dithmenos.
             Slain by anything's ghost (9 damage)
             ... on level 1 of the Swamp.
             The game lasted 02:38:38 (49735 turns).

Klosterheim the Destroyer (Demonspawn Venom Mage)  Turns: 49735, Time: 02:38:38

Health: -2/117     AC: 14    Str: 12      XL:     16   Next: 58%
Magic:  1/26       EV: 20    Int: 21      God:    Dithmenos [******]
Gold:   1786       SH:  0    Dex: 13 (16) Spells: 12/29 levels left

rFire    + . .     SeeInvis .   X - +6 lajatang (chaos)
rCold    + . .     Gourm    .   (shield currently unavailable)
rNeg     . . .     Faith    .   B - +2 robe {rF+}
rPois    .         Spirit   .   A - +1 hat {MR+}
rElec    .         Reflect  .   l - scarf {cloud immunity}
rCorr    .         Harm     .   Y - +2 pair of gloves {Str+3}
MR       ++...                  (boots unavailable)
Stlth    ++++......             G - amulet of magic regeneration
HPRegen  0.29/turn              C - +5 ring of evasion
MPRegen  0.45/turn              V - +5 ring of slaying

@: sanguine armour, wreathed by umbra, heavily drained
A: hooves 3, cold resistance 1, spiny 2, freezing cloud immunity, sanguine
armour 1
a: Shadow Step, Shadow Form, Renounce Religion


You were on level 1 of the Swamp.
You worshipped Dithmenos.
Dithmenos was exalted by your worship.
You were hungry.

You visited 6 branches of the dungeon, and saw 29 of its levels.
You also visited: Sewer, Ossuary and Ice Cave.

You collected 2710 gold pieces.
You spent 924 gold pieces at shops.

Inventory:

Hand Weapons
 X - a +6 lajatang of chaos (weapon)
Missiles
 h - 2 throwing nets
 Q - 7 curare-tipped darts (quivered)
Armour
 l - a scarf of cloud immunity (worn)
 A - a +1 hat of magic resistance (worn)
 B - a +2 robe of fire resistance (worn)
 Y - a +2 pair of gloves of strength (worn)
Magical Staves
 H - an uncursed staff of earth
 P - an uncursed staff of poison
 R - an uncursed staff of energy
Jewellery
 C - a +5 ring of evasion (left hand)
 G - an amulet of magic regeneration (around neck)
 V - a +5 ring of slaying (right hand)
Wands
 a - a wand of disintegration (11)
 q - a wand of acid (24)
 u - a wand of paralysis (24)
 y - a wand of digging (7)
 D - a wand of enslavement (36)
 W - a wand of iceblast (35)
Scrolls
 b - 12 scrolls of teleportation
 e - 8 scrolls of fog
 j - 8 scrolls of identify
 k - a scroll of enchant armour
 n - 2 scrolls of blinking
 o - 5 scrolls of fear
 p - 2 scrolls of noise
 s - 5 scrolls of magic mapping
 v - 8 scrolls of remove curse
 K - 2 scrolls of enchant weapon
 O - a scroll of immolation
 T - a scroll of silence
Potions
 f - 3 potions of haste
 g - 4 potions of might
 i - 5 potions of magic
 m - 3 potions of heal wounds
 r - 5 potions of curing
 t - 2 potions of flight
 w - 5 potions of brilliance
 x - a potion of berserk rage
 z - 2 potions of lignification
 I - 5 potions of invisibility
 L - 2 potions of mutation
 N - a potion of cancellation
 S - a potion of ambrosia
 U - 2 potions of agility
Miscellaneous
 d - a lightning rod (4/4)
 E - a lamp of fire
 M - a phial of floods
Comestibles
 c - 15 rations


   Skills:
 - Level 8.0(6.4) Fighting
 + Level 10.7(9.1) Staves
 - Level 8.0(6.4) Dodging
 - Level 7.0(5.5) Stealth
 - Level 0.5(0.0) Unarmed Combat
 - Level 7.0(5.5) Spellcasting
 - Level 13.0(11.2) Conjurations
 + Level 12.8(11.1) Earth Magic
 - Level 10.0(8.3) Poison Magic
 + Level 11.4(9.7) Invocations
 - Level 7.0(5.5) Evocations


You had 12 spell levels left.
You knew the following spells:

 Your Spells              Type           Power        Failure   Level  Hunger
a - Olgreb's Toxic Radia  Pois           #####...     3%          4    ####...
b - Passwall              Tmut/Erth      ####....     1%          2    None
d - Iron Shot             Conj/Erth      ######....   16%         6    #######
e - Venom Bolt            Conj/Pois      #####.....   4%          5    #####..

Your spell library contained the following spells:

 Spells                   Type           Power        Failure   Level  Hunger
 Sandblast                Erth           ######       1%          1    None
 Sting                    Conj/Pois      ####         1%          1    None
 Mephitic Cloud           Conj/Pois/Air  ####....     1%          3    ##.....
 Poisonous Vapours        Pois/Air       ###...       2%          2    None
 Static Discharge         Conj/Air       ####....     3%          3    ##.....
 Lee's Rapid Deconstruct  Erth           ######....   3%          5    #####..
 Petrify                  Tmut/Erth      ####....     11%         4    ####...
 Bolt of Magma            Conj/Fire/Erth #####.....   13%         5    #####..
 Iskenderun's Battlesphe  Conj/Chrm      ####....     28%         5    #####..
 Lightning Bolt           Conj/Air       ####......   28%         5    #####..
 Orb of Destruction       Conj           ######....   63%         7    #######
 Statue Form              Tmut/Erth      ####.....    85%         6    #######
 Spellforged Servitor     Conj/Summ      ####......   100%        7    #######
 Ignition                 Fire           #.........   100%        8    #######
 Shatter                  Erth           ######....   100%        9    #######
 Tornado                  Air            #.........   100%        9    #######


Dungeon Overview and Level Annotations

Branches:
Dungeon (15/15)            Temple (1/1) D:7            Lair (6/6) D:10
  Swamp (2/4) Lair:4       Spider (3/4) Lair:3        Slime (0/5) Lair:5
    Orc (2/2) D:12            Elf (0/3) Orc:2        Vaults (0/5) D:13
 Depths (0/5) D:15

Altars:
Ashenzari
Cheibriados
Dithmenos
Elyvilon
Fedhas
Gozag
Hepliaklqana
Kikubaaqudgha
Makhleb
Nemelex Xobeh
Okawaru
Qazlal
Ru
Sif Muna
Trog
Uskayaw
Vehumet
Wu Jian
Xom
Yredelemnul
Zin
The Shining One
Beogh

Shops:
D:4 *   D:8 :   D:10 :   Orc:1 ?([(   Orc:2 *?%[:

Annotations:
D:6 3 runed translucent doors, vurker's ghost, novice DrBe
Lair:5 2 runed translucent doors, Xuthuik's ghost, journeyman DEFE
Swamp:1 anything's ghost, journeyman FoFi


Innate Abilities, Weirdness & Mutations

You have hooves in place of feet.
Your flesh is cold resistant. (rC+)
You are mostly covered in sharp spines.
You are immune to freezing clouds.
When seriously injured, your bleeding wounds create armour. (AC +6)


Message History

The iron shot hits anything's ghost!
Anything's ghost is severely damaged.
You are feeling hungry.
Anything's ghost hits you but does no damage.
You feel drained.
Casting: Iron Shot (slightly dangerous; 8% risk of failure)
Confirm with . or Enter, or press ? or * to list all spells.
Aiming: Iron Shot (slightly dangerous; 8% risk of failure)
Press: ? - help, Shift-Dir - straight line, f/p - anything's ghost
Aim: anything's ghost, wielding a weapon of draining (severely damaged, umbra)
The iron shot hits anything's ghost!!
Anything's ghost is almost destroyed.
Anything's ghost hits you!!
* * * LOW HITPOINT WARNING * * *
You feel drained.
* * * LOW HITPOINT WARNING * * *
You feel much better. Anything's ghost hits you!!
* * * LOW HITPOINT WARNING * * *
You feel drained.
You die...

♣♣♣♣...>..♣≈.♣♣.≈≈.....#....?.
♣♣♣......♣♣♣≈.♣.....≈..#......
♣.≈≈≈≈.≈≈.♣♣..≈..♣♣..≈.###'''#
♣..≈≈≈.≈≈≈≈♣♣...≈♣♣§.....=....
♣♣♣......≈≈≈..≈....J......≈≈≈≈≈≈
♣≈.≈≈≈...≈≈≈.≈≈......#.W..≈≈≈≈≈.
♣≈≈≈≈≈.≈.≈≈≈≈≈..#.#........≈≈≈..
♣♣.≈≈≈≈.≈.....JW#t#.^..##.≈≈≈≈..
♣♣....≈≈♣♣≈≈..#@##......#....§..
♣.≈....♣♣♣..........##..#.......
♣≈≈≈...♣♣≈...........#.##.≈≈.♣≈♣
♣♣...♣♣♣♣≈.≈♣........t....≈≈..♣♣
♣♣♣≈≈♣♣..♣≈♣♣..##.........≈≈...≈
♣.≈.♣♣≈≈≈≈≈.♣..##.#..##...≈≈≈.≈≈
♣.≈≈♣♣.≈≈≈≈≈♣♣........#..≈...≈≈.
♣.≈≈♣♣...≈≈≈♣♣......###.≈≈..♣♣..
♣^..≈♣♣♣≈..≈♣≈.........≈≈≈≈≈≈≈..


You could see an alligator, a slime creature and anything's ghost.

Vanquished Creatures
  Arachne (Spider:2)
  A thorn hunter (Lair:4)
  Kirke (D:12)
  Gastronok (D:12)
  Roxanne (Spider:1)
  Donald (Spider:1)
  A ghost moth (Spider:3)
  An orc warlord (Orc:1)
  A reaper (IceCv)
  An ironheart preserver (D:13)
  An emperor scorpion (Spider:1)
  A spark wasp (Spider:3)
  5 dire elephants (Lair:6)
  Snorg (D:14)
  A fire dragon (D:15)
  A rakshasa (D:15)
  Josephine (D:15)
  An ice dragon (D:15)
  A catoblepas (D:15)
  An anaconda (Lair:6)
  6 hydras
  A ghost crab (Swamp:1)
  3 centaur warriors
  5 death yaks (Lair:6)
  A death knight (D:15)
  5 alligators (Swamp:1)
  5 two-headed ogres
  An ogre mage (D:11)
  An orc high priest (Orc:2)
  Sonja (Lair:1)
  A swamp dragon (Swamp:1)
  An unseen horror (D:10)
  5 skeletal warriors
  3 orc knights (Orc:2)
  An obsidian statue (D:13)
  3 wolf spider zombies
  2 ugly things
  A deep elf mage (D:12)
  9 orb spiders
  An orc sorcerer (Orc:1)
  16 wolf spiders
  3 manticores
  A salamander (shapeshifter) (D:14)
  3 cyclopes
  Maurice (D:10)
  22 elephants
  Joseph (D:7)
  3 black mambas
  A torpor snail (Lair:6)
  2 ice statues (IceCv)
  An orange demon (D:13)
  A gargoyle (D:12)
  7 spiny frogs
  7 centaur skeletons
  A rime drake (Lair:5)
  5 komodo dragons
  3 yaktaurs (D:13)
  A kobold demonologist (D:13)
  A komodo dragon (shapeshifter) (D:14)
  An efreet (D:13)
  A hellwing (D:13)
  9 ice devils (IceCv)
  A tengu conjurer (D:10)
  11 demonic crawlers
  5 trolls
  A jumping spider (shapeshifter) (D:14)
  6 meliai
  23 jumping spiders
  10 hornets
  4 slime creatures (D:15)
  20 blink frogs
  5 tyrant leeches
  Grinder (D:5)
  7 hippogriffs
  3 dream sheep (Lair:6)
  9 wraiths
  3 spriggans (Swamp:1)
  20 redbacks
  28 yaks
  3 tarantellas
  3 wyverns
  A ynoxinul (D:13)
  2 hogs (D:12)
  4 basilisks
  3 hungry ghosts
  6 vampire mosquitoes (Swamp:1)
  A chaos spawn (D:13)
  4 swamp worms
  3 wargs
  A soldier ant (D:11)
  2 acid dragons
  Duvessa (D:5)
  19 porcupines
  10 water moccasins
  2 black bears
  A meliai simulacrum (D:15)
  A swamp drake (Lair:4)
  33 orc warriors
  2 ice beasts
  4 phantoms
  A necrophage (D:10)
  2 sky beasts
  2 hornet zombies
  11 ogres
  17 wolves
  18 centaurs
  6 crocodiles
  An elf zombie (Ossuary)
  35 bullfrogs
  A wyvern zombie (D:13)
  A gnoll sergeant (D:11)
  Dowan (D:5)
  2 scorpions
  5 killer bees (D:10)
  29 wights
  3 electric eels
  3 howler monkeys
  6 crimson imps
  2 bullfrog zombies
  A human zombie (Ossuary)
  5 quasits
  15 orc priests
  4 bullfrog skeletons
  18 orc wizards
  6 centaur zombies
  6 hounds
  3 jellies
  Crazy Yiuf (D:6)
  7 iguanas
  2 hell rats (Lair:1)
  7 worker ants
  8 ogre zombies (D:12)
  A big kobold zombie (Ossuary)
  3 mummies
  11 gnolls
  23 adders
  A howler monkey skeleton (D:11)
  15 river rats
  2 shadow imps
  18 white imps
  5 ufetubi (IceCv)
  3 oozes (Lair:5)
  2 adder skeletons
  2 worms
  A dart slug (D:1)
  12 leopard geckos
  74 orcs
  15 ball pythons
  11 bats
  5 giant cockroaches
  2 gnoll zombies (Ossuary)
  3 goblins
  3 hobgoblins
  10 jackals
  5 quokkas
  6 frilled lizards
  2 goblin skeletons (D:12)
  4 goblin zombies
  2 hobgoblin skeletons (D:12)
  7 hobgoblin zombies
  3 kobolds
  A leopard gecko skeleton (D:3)
  2 orc skeletons (D:12)
  18 orc zombies
  3 quokka skeletons
  26 rats
  A briar patch (Lair:4)
  3 plants (Lair:6)
968 creatures vanquished.

Vanquished Creatures (others)
  A large abomination (D:13)
  A komodo dragon (Lair:5)
  A blink frog (Lair:5)
  A yak (Lair:5)
  2 wolves (Lair:5)
  A quasit (D:13)
  A shadow imp (D:13)
  6 white imps
  6 ufetubi
  An orc skeleton (D:12)
  A briar patch (Lair:4)
  22 fungi
  11 plants
55 creatures vanquished.

Grand Total: 1023 creatures vanquished

Notes
Turn   | Place    | Note
-------+----------+-------------------------------------------
     0 | D:1      | Klosterheim the Demonspawn Venom Mage began the quest for
                  | the Orb.
     0 | D:1      | Reached XP level 1. HP: 13/13 MP: 3/3
    86 | D:1      | Gained mutation: Your flesh is cold resistant. (rC+)
                  | [demonic ancestry]
    86 | D:1      | Reached XP level 2. HP: 12/19 MP: 0/5
   915 | D:1      | Gained mutation: When seriously injured, your bleeding
                  | wounds create armour. (AC +6) [demonic ancestry]
   915 | D:1      | Reached XP level 3. HP: 13/24 MP: 1/6
  1701 | D:2      | Found an opulent altar of Gozag.
  1830 | D:2      | Found a sacrificial altar of Ru.
  2246 | D:2      | Gained mutation: You are immune to freezing clouds.
                  | [demonic ancestry]
  2246 | D:2      | Reached XP level 4. HP: 30/31 MP: 6/8
  2526 | D:2      | Reached skill level 1 in Fighting
  3145 | D:3      | Found a hazy altar of Hepliaklqana.
  3145 | D:3      | Found a hide-covered altar of Uskayaw.
  3323 | D:4      | Learned a level 2 spell: Poisonous Vapours
  3343 | D:4      | Reached XP level 5. HP: 15/37 MP: 0/9
  3380 | D:4      | Found an iron altar of Okawaru.
  3422 | D:4      | Found a glowing drain.
  3479 | Sewer    | Entered a sewer
  3781 | Sewer    | Reached skill level 2 in Conjurations
  4907 | Sewer    | Reached XP level 6. HP: 24/44 MP: 0/10
  5328 | D:4      | Reached skill level 3 in Conjurations
  5659 | D:4      | Gained mutation: You are partially covered in sharp spines.
                  | [demonic ancestry]
  5659 | D:4      | Reached XP level 7. HP: 43/50 MP: 3/11
  5991 | D:4      | Found Qyosm's General Store.
  6000 | D:4      | Bought a scroll of enchant weapon for 82 gold pieces
  6000 | D:4      | Bought a scroll of identify for 22 gold pieces
  6005 | D:5      | Entered Level 5 of the Dungeon
  6019 | D:5      | Reached skill level 5 in Poison Magic
  6034 | D:5      | Reached skill level 4 in Conjurations
  6131 | D:5      | Learned a level 3 spell: Mephitic Cloud
  6276 | D:5      | Found a burning altar of Makhleb.
  6307 | D:5      | Noticed Grinder
  6604 | D:5      | Noticed Dowan
  6605 | D:5      | Noticed Duvessa
  6939 | D:6      | Found a runed translucent gate.
  6940 | D:6      | Found a runed translucent gate.
  6940 | D:6      | Found a runed translucent gate.
  6940 | D:6      | Noticed a two-headed ogre
  6940 | D:6      | Noticed vurker's ghost (novice DrBe)
  7330 | D:7      | Noticed Joseph
  7346 | D:7      | Killed Joseph
  7346 | D:7      | Reached XP level 8. HP: 28/60 MP: 0/12
  7353 | D:7      | Found a staircase to the Ecumenical Temple.
  7362 | Temple   | Entered the Ecumenical Temple
  7458 | Temple   | Became a worshipper of Dithmenos the Shadowed
  7790 | D:7      | Found a sand-covered staircase.
  7805 | Ossuary  | Entered an ossuary
  8083 | Ossuary  | Reached skill level 5 in Fighting
  8166 | Ossuary  | Reached * piety under Dithmenos
  8347 | Ossuary  | Reached skill level 1 in Invocations
  8585 | D:5      | Killed Grinder
  8585 | D:5      | Reached skill level 1 in Staves
  8633 | D:5      | Gained mutation: You have large cloven feet. [demonic
                  | ancestry]
  8633 | D:5      | Reached XP level 9. HP: 54/68 MP: 14/14
  8848 | D:5      | Killed Duvessa
  8941 | D:5      | Killed Dowan
  9723 | D:5      | Found an iron altar of Okawaru.
 10163 | D:4      | Bought a scroll of teleportation for 33 gold pieces
 10163 | D:4      | Bought a scroll of identify for 22 gold pieces
 10275 | D:3      | Found a bloodstained altar of Trog.
 11085 | D:6      | Found a white marble altar of Elyvilon.
 11354 | D:6      | Found a runed translucent door.
 11355 | D:6      | Noticed Crazy Yiuf
 11444 | D:6      | Killed Crazy Yiuf
 11553 | D:7      | Found a deep blue altar of Sif Muna.
 11609 | D:7      | Reached skill level 5 in Stealth
 11893 | D:7      | Reached ** piety under Dithmenos
 11964 | D:7      | Found an ancient bone altar of Kikubaaqudgha.
 12529 | D:7      | Learned a level 4 spell: Olgreb's Toxic Radiance
 12653 | D:8      | Found Bysch's Book Boutique.
 12704 | D:8      | Reached XP level 10. HP: 74/74 MP: 13/16
 12719 | D:8      | Found a blossoming altar of Fedhas.
 13347 | D:9      | Found a sparkling altar of Nemelex Xobeh.
 13406 | D:9      | Found a shimmering altar of Xom.
 13411 | D:9      | Reached *** piety under Dithmenos
 13918 | D:10     | Entered Level 10 of the Dungeon
 13923 | D:10     | Found Igrad's Book Shop.
 13997 | D:10     | Killed an unseen horror
 13997 | D:10     | Reached skill level 5 in Dodging
 13997 | D:10     | Reached skill level 5 in Invocations
 14007 | D:10     | Reached skill level 5 in Staves
 14454 | D:10     | Reached skill level 5 in Conjurations
 14711 | D:10     | Found a staircase to the Lair.
 15042 | D:10     | Noticed a two-headed ogre
 15081 | D:10     | Killed a two-headed ogre
 15284 | Lair:1   | Entered Level 1 of the Lair of Beasts
 15310 | Lair:1   | Reached **** piety under Dithmenos
 15535 | D:10     | Reached XP level 11. HP: 66/81 MP: 14/17
 16008 | Lair:1   | Reached skill level 6 in Conjurations
 16226 | Lair:1   | Noticed an eight-headed hydra
 16396 | Lair:2   | Reached skill level 10 in Poison Magic
 16793 | Lair:2   | Noticed a five-headed hydra
 16899 | Lair:2   | Reached skill level 1 in Evocations
 17424 | D:8      | Bought a book of Power for 630 gold pieces
 17430 | D:8      | Learned a level 5 spell: Venom Bolt
 17439 | D:8      | Learned a level 6 spell: Iron Shot
 17669 | Lair:1   | Reached skill level 1 in Earth Magic
 17825 | Lair:1   | Killed an eight-headed hydra
 17825 | Lair:1   | Reached skill level 7 in Conjurations
 18175 | Lair:2   | Killed a five-headed hydra
 18742 | Lair:3   | Found a hole to the Spider Nest.
 18749 | Lair:3   | Reached XP level 12. HP: 88/88 MP: 14/18
 18761 | Spider:1 | Entered Level 1 of the Spider Nest
 18772 | Spider:1 | Reached skill level 5 in Evocations
 18856 | Spider:1 | Paralysed by a hornet for 1 turns
 18933 | Spider:1 | Identified Roxanne's Disquisition on Earth
 18933 | Spider:1 | Noticed Roxanne
 18986 | Spider:1 | Noticed Donald
 19061 | Spider:2 | Reached skill level 8 in Conjurations
 19061 | Spider:2 | Reached skill level 5 in Earth Magic
 19510 | Lair:3   | Noticed a four-headed hydra
 19774 | Spider:2 | Reached ***** piety under Dithmenos
 19871 | Spider:2 | Noticed Arachne
 20419 | Lair:3   | Killed a four-headed hydra
 20419 | Lair:3   | Reached skill level 9 in Conjurations
 21432 | Lair:4   | Found a staircase to the Swamp.
 22141 | Lair:5   | Gained mutation: You have hoof-like feet. [demonic
                  | ancestry]
 22141 | Lair:5   | Reached XP level 13. HP: 74/93 MP: 8/19
 22380 | Lair:5   | Found a large runed translucent door.
 22380 | Lair:5   | Found a large runed translucent door.
 22381 | Lair:5   | Noticed Xuthuik's ghost (journeyman DEFE)
 22523 | Lair:5   | Found a staircase to the Slime Pits.
 22857 | Lair:5   | Reached skill level 10 in Conjurations
 23312 | Lair:6   | Entered Level 6 of the Lair of Beasts
 24873 | Lair:6   | Reached skill level 10 in Earth Magic
 25807 | Lair:6   | Noticed a dire elephant
 25807 | Lair:6   | Noticed a dire elephant
 25853 | Lair:6   | Killed a dire elephant
 25856 | Lair:6   | Killed a dire elephant
 25856 | Lair:6   | Gained mutation: You are mostly covered in sharp spines.
                  | [demonic ancestry]
 25856 | Lair:6   | Reached XP level 14. HP: 47/103 MP: 1/21
 26179 | Lair:6   | Reached skill level 5 in Spellcasting
 26748 | Lair:1   | Noticed Sonja
 26751 | Lair:1   | Killed Sonja
 26948 | D:11     | HP: 3/103 [cyan ugly thing (16)]
 27553 | D:11     | Found a shattered altar of Ashenzari.
 27667 | D:11     | Noticed Maurice
 27835 | D:10     | Killed Maurice
 27916 | D:10     | Identified a scroll of acquirement
 29975 | D:12     | Reached ****** piety under Dithmenos
 29984 | D:12     | You fall into a shaft and drop 3 floors!
 29984 | D:15     | Entered Level 15 of the Dungeon
 30040 | D:15     | Noticed Josephine
 30933 | D:12     | Found a staircase to the Orcish Mines.
 31061 | D:12     | Noticed Gastronok
 31069 | D:12     | Killed Gastronok
 31293 | D:12     | Noticed Kirke
 31296 | D:12     | Reached skill level 11 in Conjurations
 31302 | D:12     | Killed Kirke
 31600 | Orc:1    | Entered Level 1 of the Orcish Mines
 31607 | Orc:1    | Found Siphem's Weapon Emporium.
 31754 | Orc:1    | Noticed an orc warlord
 32190 | Orc:1    | Killed an orc warlord
 32419 | Orc:2    | Entered Level 2 of the Orcish Mines
 32442 | Orc:2    | Found a frozen archway.
 32467 | IceCv    | Entered an ice cave
 33195 | IceCv    | Reached XP level 15. HP: 110/110 MP: 25/25
 33362 | Orc:2    | Found a staircase to the Elven Halls.
 33735 | Orc:2    | Found a roughly hewn altar of Beogh.
 35240 | Orc:2    | Found Wytoru's Whimsical Warehouse.
 35733 | Orc:2    | Reached skill level 10 in Invocations
 35894 | Orc:2    | Found Pearuu's Food Emporium.
 35894 | Orc:2    | Found Takefes's Antique Armour Shop.
 35896 | Orc:2    | Found Rieniyw's Book Boutique.
 35898 | Orc:2    | Found Zyveamot's Magic Scroll Shoppe.
 35911 | Orc:2    | Bought a scroll of identify for 32 gold pieces
 35911 | Orc:2    | Bought a scroll of teleportation for 48 gold pieces
 36055 | Orc:1    | Found Seot's Magic Scroll Shop.
 36064 | Orc:1    | Bought a scroll of teleportation for 33 gold pieces
 36064 | Orc:1    | Bought a scroll of identify for 22 gold pieces
 36207 | Orc:1    | Found Suw Cihee's Weapon Boutique.
 36223 | Orc:1    | Found Bitosac's Armour Boutique.
 36864 | D:13     | Reached skill level 12 in Conjurations
 37265 | D:13     | Found a gate to the Vaults.
 37745 | D:13     | You fall into a shaft and drop 2 floors!
 38452 | D:14     | Noticed Snorg
 38458 | D:14     | Killed Snorg
 40110 | D:15     | Killed Josephine
 40589 | D:15     | Reached skill level 13 in Conjurations
 40600 | D:15     | Found a staircase to the Depths.
 40692 | D:15     | Found a snail-covered altar of Cheibriados.
 41614 | Spider:1 | Killed Roxanne
 41739 | Spider:1 | Learned a level 2 spell: Passwall
 41796 | Spider:1 | Killed Donald
 42999 | Spider:1 | Gained mutation: You have hooves in place of feet. [demonic
                  | ancestry]
 42999 | Spider:1 | Reached XP level 16. HP: 98/117 MP: 22/26
 43191 | Spider:2 | Reached skill level 10 in Staves
 43776 | Spider:2 | Killed Arachne
 46159 | Spider:2 | HP: 5/117 [poisoned by a ghost moth]
 46164 | Spider:2 | HP: 4/117 [poisoned by a ghost moth]
 46169 | Spider:2 | HP: 3/117 [poisoned by a ghost moth]
 46176 | Spider:2 | HP: 3/117 [poisoned by a ghost moth]
 46184 | Spider:2 | HP: 4/117 [poisoned by a ghost moth]
 46650 | Swamp:1  | Entered Level 1 of the Swamp
 46715 | Swamp:1  | Found a runed translucent gate.
 46732 | Swamp:1  | Noticed a thorn hunter
 47200 | Lair:4   | Killed a thorn hunter
 47904 | Lair:4   | Found a staircase to the Swamp.
 48248 | Swamp:1  | Found a runed translucent gate.
 48248 | Swamp:1  | Found a runed translucent gate.
 48259 | Swamp:1  | Noticed anything's ghost (journeyman FoFi)
 48733 | Swamp:1  | Got a smelly ring mail
 48735 | Swamp:1  | Identified the +0 ring mail "Pokhuush" {+Inv rN++ Int-4
                  | Dex-2} (You found it on level 1 of the Swamp)
 49735 | Swamp:1  | Slain by anything's ghost

Levels and vault maps discovered:
D:1:      scummos_arrival_simple_crosswalls, layout_loops_corners
D:2:      layout_loops_ring, nicolae_ru_awakened_eye, grunt_gozag_breadcrumbs
D:3:      layout_loops_ring, bloody_trog, nicolae_overflow_hidden_temple,
          minmay_misc_feat_secret_circle
D:4:      wander_river, layout_rooms, serial_shops, shop, portal_sewer_entry_f,
          okawaru_trees_2
D:5:      minmay_skewed_foursquare, layout_basic, kennysheep_little_box,
          kennysheep_mini_moat, first_ration, uniq_grinder, uniq_duvessa
D:6:      layout_cave_pools, nicolae_overflow_crystal_walls,
          gammafunk_ghost_split, kennysheep_cluttered_room,
          uniq_crazy_yiuf_cottage
D:7:      layout_cave_pods, marbit_many_paths, kennysheep_mini,
          minmay_temple_entry_antechambers, nicolae_ossuary_entry_giza,
          uniq_joseph
D:8:      layout_cave_pools, fedhas_altar_3, serial_shops, shop,
          grunt_decor_one_mirror
D:9:      layout_basic, lemuel_doored_altar, tgw_xom
D:10:     layout_gridville, due_lair_maze_entry_diamond, serial_shops, shop
D:11:     cheibrodos_fzero, layout_long_grid, minmay_liquid_box,
          grunt_tengu_nest, minivault_11, evilmike_ruin_ashenzari, uniq_maurice
D:12:     layout_layer_cave, zombieorc2_lemuel, grunt_ministairs_11, uniq_kirke,
          uniq_gastronok
D:13:     layout_basic, skrybe_vaults_entry_preservation, minivault_24,
          drop_trap, serial_park_tiny_1, hangedman_devilish_allure
D:14:     layout_irregular_city, moated_statue, minmay_misc_feat_enclosed,
          uniq_snorg
D:15:     grunt_enter_depths_hoard, layout_cave_pools, cheibriados_altar_1,
          uniq_josephine
Temple:   compressed_dpeg_triangle_lava_temple
Lair:1:   layout_layer_cave, kennysheep_rathole, grunt_megastairs_3, uniq_sonja
Lair:2:   layout_gridlike, cheibrodos_lair_caveside_slide, beast_lair_carwin_7
Lair:3:   layout_long_grid, spider_nest_entry_rubble, lemuel_fruit_tree
Lair:4:   layout_hall_layers, minmay_swamp_entry_worms, serial_bayou_shore_b,
          grunt_megastairs_5
Lair:5:   layout_concentric_octagons, nicolae_slime_entry_slimehenge,
          ebering_ghost_disaster_area
Lair:6:   due_jungle_book, layout_regular_city, serial_bayou_shore_b
Swamp:1:  layout_basic_swamp, gammafunk_ghost_split, serial_swamp_ruin,
          evilmike_swamp_ruin_rubble_1, evilmike_swamp_ruin_rubble_2,
          infiniplex_staircase_pool
Swamp:2:  layout_basic_swamp, ebering_ghost_xom, evilmike_swamp_ruin_house_5,
          swamp_pool5, uniq_jorgrun
Spider:1: nicolae_spider_mines_1, nicolae_spider_circle_web, uniq_donald,
          uniq_roxanne
Spider:2: layout_spider_delve, spiders_nest_spider_trap, uniq_arachne
Spider:3: layout_spider_delve
Orc:1:    layout_diamond_mine, serial_shops, shop, nicolae_shop_waterfront,
          shop, nicolae_shop_temple_entry_statues_fountains
Orc:2:    st_orc_rangers, layout_caves, portal_ice_cave_entry_imps,
          nicolae_alphabet_shops, minmay_orc_temple_c

Skill      XL: |  1  2  3  4  5  6  7  8  9 10 11 12 13 14 15 16 |
---------------+-------------------------------------------------+-----
Dodging        | 2 3 4 5 6 7 8 |  8.0
Stealth        | 2 3 5 6 7 |  7.0
Fighting       | 1 2 4 5 6 7 8 |  8.0
Spellcasting   | 3 4 7 |  7.0
Conjurations   | 2 3 4 5 7 9 10 11 13 | 13.0
Poison Magic   | 4 6 7 8 9 10 | 10.0
Invocations    | 2 4 5 7 9 10 11 | 11.4
Staves         | 1 4 5 7 9 10 | 10.7
Evocations     | 4 5 6 7 |  7.0
Earth Magic    | 3 8 10 12 | 12.8
Unarmed Combat | |  0.5

Action                   |  1- 3 |  4- 6 |  7- 9 | 10-12 | 13-15 | 16-18 || total
-------------------------+-------+-------+-------+-------+-------+-------++-------
Melee: Unarmed           |    39 |       |       |       |       |       ||    39
       Dagger            |    29 |   230 |   106 |       |       |       ||   365
       Punch             |       |     1 |       |       |       |       ||     1
       Quarterstaff      |       |       |   218 |   321 |    55 |       ||   594
       Kick              |       |       |    42 |     2 |       |    49 ||    93
       Staff             |       |       |       |    76 |   159 |     3 ||   238
       Lajatang          |       |       |       |       |   627 |   167 ||   794
Throw: Dart              |       |       |       |       |     1 |       ||     1
 Cast: Sting             |    64 |    68 |    32 |     3 |       |       ||   167
       Poisonous Vapours |       |    39 |    62 |    36 |       |       ||   137
       Olgreb's Toxic Ra |       |       |     1 |    44 |    83 |    10 ||   138
       Mephitic Cloud    |       |       |       |     1 |       |       ||     1
       Venom Bolt        |       |       |       |    20 |   105 |     8 ||   133
       Iron Shot         |       |       |       |       |    46 |    21 ||    67
       Passwall          |       |       |       |       |       |     1 ||     1
Invok: Shadow Step       |       |       |       |     1 |     1 |       ||     2
       Shadow Form       |       |       |       |       |     2 |       ||     2
 Abil: End Transformatio |       |       |       |       |     1 |       ||     1
Evoke: Wand              |       |       |       |    16 |       |     1 ||    17
       Staff of energy   |       |       |       |     1 |     2 |       ||     3
  Use: Scroll            |       |    13 |     6 |     7 |    22 |     7 ||    55
       Potion            |       |       |     2 |     4 |     6 |     8 ||    20
 Stab: Sleeping          |     1 |     1 |     8 |    16 |    25 |     5 ||    56
       Paralysed         |       |       |     1 |     8 |       |       ||     9
       Petrified         |       |       |       |     4 |       |       ||     4
       Distracted        |       |       |       |     1 |     7 |     1 ||     9
  Eat: Chunk             |     4 |    14 |    21 |    25 |    69 |     2 ||   135
       Ration            |       |       |     1 |     4 |    17 |     9 ||    31
Armor: Robe              |    28 |   101 |    29 |    66 |   131 |    41 ||   396
Dodge: Dodged            |    81 |   271 |   203 |   424 |  1063 |   229 ||  2271

Table legend:
 A = Non-vault XP
 B = Vault XP
 C = Vault XP percentage of total XP
 D = Non-vault monster count
 E = Vault monster count
 F = Vault count percentage of total count
                 A         B        C        D         E       F
            +---------+---------+-------+---------+---------+-------
      Total |  132058 |   57542 |  30.3 |     612 |     356 |  36.8
            +---------+---------+-------+---------+---------+-------
        D:1 |      52 |       0 |   0.0 |      22 |       0 |   0.0
        D:2 |     103 |       0 |   0.0 |      18 |       0 |   0.0
        D:3 |      26 |       0 |   0.0 |       8 |       0 |   0.0
        D:4 |     319 |      15 |   4.5 |      14 |       6 |  30.0
        D:5 |     869 |     709 |  44.9 |      25 |       7 |  21.9
        D:6 |     905 |      40 |   4.2 |      16 |       1 |   5.9
        D:7 |    1307 |     568 |  30.3 |      28 |       5 |  15.2
        D:8 |     687 |       0 |   0.0 |      15 |       0 |   0.0
        D:9 |     816 |      12 |   1.4 |      15 |       4 |  21.1
       D:10 |    4526 |    2158 |  32.3 |      26 |      11 |  29.7
       D:11 |    6744 |    3960 |  37.0 |      28 |      16 |  36.4
       D:12 |    4005 |    5190 |  56.4 |      26 |      43 |  62.3
       D:13 |    3495 |    5705 |  62.0 |      13 |      19 |  59.4
       D:14 |    7490 |     883 |  10.5 |      29 |       1 |   3.3
       D:15 |    7597 |    4020 |  34.6 |      23 |       8 |  25.8
     Lair:1 |    4428 |    1281 |  22.4 |      20 |      16 |  44.4
     Lair:2 |    2504 |    1870 |  42.8 |      10 |      17 |  63.0
     Lair:3 |    2752 |     216 |   7.3 |      11 |       1 |   8.3
     Lair:4 |    3940 |    4048 |  50.7 |      11 |      11 |  50.0
     Lair:5 |    7370 |     106 |   1.4 |      37 |       5 |  11.9
     Lair:6 |   21242 |    2723 |  11.4 |      53 |       5 |   8.6
    Swamp:1 |   10772 |     896 |   7.7 |      26 |       1 |   3.7
   Spider:1 |   11699 |    4695 |  28.6 |      29 |       5 |  14.7
   Spider:2 |   12491 |    6262 |  33.4 |      35 |      11 |  23.9
   Spider:3 |    8331 |       0 |   0.0 |      16 |       0 |   0.0
      Orc:1 |    4650 |     137 |   2.9 |      36 |       1 |   2.7
      Orc:2 |    2938 |    6552 |  69.0 |      22 |      75 |  77.3
      Sewer |       0 |     324 | 100.0 |       0 |      48 | 100.0
    Ossuary |       0 |     217 | 100.0 |       0 |      16 | 100.0
      IceCv |       0 |    4955 | 100.0 |       0 |      23 | 100.0
            +---------+---------+-------+---------+---------+-------
